 Dungeon Crawl Stone Soup version 0.24-a0-447-ge8da9206dc (webtiles) character file.

Game seed: 5717996590890912707

494 nikopol the Chopper (level 6, -20/56 HPs)
             Began as a Minotaur Berserker on June 25, 2019.
             Was a Priest of Trog.
             Demolished by an ogre
             ... wielding a +0 giant club
              (28 damage)
             ... on level 4 of the Dungeon.
             The game lasted 00:04:53 (2830 turns).

nikopol the Chopper (Minotaur Berserker)            Turns: 2830, Time: 00:04:54

Health: -20/56     AC:  2    Str: 23    XL:     6   Next: 92%
Magic:  5/5        EV: 13    Int:  4    God:    Trog [***...]
Gold:   130        SH:  0    Dex: 10    Spells: 5/5 levels left

rFire    . . .     SeeInvis .   a - +0 hand axe
rCold    . . .     Gourm    .   (no shield)
rNeg     . . .     Faith    .   b - +0 animal skin
rPois    .         Spirit   .   (helmet restricted)
rElec    .         Reflect  .   (no cloak)
rCorr    .         Harm     .   (no gloves)
MR       .....                  (no boots)
Stlth    +.........             (no amulet)
HPRegen  0.18/turn              (no ring)
MPRegen  0.09/turn              (no ring)

@: no status effects
A: retaliatory headbutt, horns 2
a: Berserk, Trog's Hand, Renounce Religion


You were on level 4 of the Dungeon.
You worshipped Trog.
Trog was most pleased with you.
You were not hungry.

You visited 1 branch of the dungeon, and saw 4 of its levels.

You collected 130 gold pieces.

Inventory:

Hand Weapons
 a - a +0 hand axe (weapon)
Missiles
 i - 46 arrows
Armour
 b - a +0 animal skin (worn)
Wands
 t - a wand of flame (8)
Scrolls
 d - 2 scrolls of enchant weapon {unknown}
 f - 4 scrolls of remove curse {unknown}
 g - a scroll of magic mapping {unknown}
 j - 2 scrolls of identify {unknown}
 p - a scroll of teleportation {unknown}
 q - a scroll of amnesia {unknown}
 r - a scroll of random uselessness {unknown}
 s - a scroll of fog {unknown}
Potions
 e - 2 potions of haste {unknown}
 h - a potion of resistance {unknown}
 k - a potion of berserk rage {unknown}
 l - 3 potions of magic {unknown}
 m - 2 potions of flight {unknown}
 n - a potion of curing {unknown}
 o - a potion of agility {unknown}
Comestibles
 c - 9 rations


   Skills:
 + Level 5.1 Fighting
 + Level 7.5 Axes
 + Level 2.9 Armour
 + Level 4.0 Dodging
 + Level 0.6 Stealth


You had 5 spell levels left.
You didn't know any spells.
Your spell library was empty.

Dungeon Overview and Level Annotations

Branches:
Dungeon (4/15)
 Temple: D:4-7

Altars:
Sif Muna


Innate Abilities, Weirdness & Mutations

You reflexively headbutt those who attack you in melee.
You have a pair of horns on your head.


Message History

An ogre comes into view. It is wielding a +0 giant club.
The ogre shouts!
Found 12 gold pieces.
Found a stone staircase leading down.
An ogre is nearby!
There is an open door here.
The ogre hits you with a +0 giant club!!
You slash the ogre!
The ogre is moderately wounded.
You hit the ogre.
The ogre is heavily wounded.
The ogre hits you with a +0 giant club!!
* * * LOW HITPOINT WARNING * * *
You are too injured to fight recklessly!
You are too injured to fight recklessly!
You are too injured to fight recklessly!
You're too hungry.
You eat one of the 10 rations.
That ration really hit the spot!
The ogre hits you with a +0 giant club!!
Ouch! That really hurt!
You die...

########.#.........##.# #
#........##.##.###.##.# #
#.#########.##.###.##.##########
##.## #.##.............##...
#...# ##+######.#.#####.##.##
#.#.# ##...# #.#.#####.##.##
#..[# #.....# #......##.##.##
##.## .......#####..#.##.##.##
#...####
......O@####....##.##...
.......+
........'...............
#...####
........####........#### ##.####
...$...## #..#.###.# # ......#
#.....# #.##.###.# # ##.##.#
##...# #.##(.##.# # #.# # ##+#
#.###.##.# # #.# #.# #.# #.##.#
# ..# # #.# #.###.##.# #


You could see an ogre.

Vanquished Creatures
  Sigmund (D:4)
  An ogre (D:2)
  A bullfrog (D:3)
  A bullfrog zombie (D:2)
  6 adders
  2 worms
  5 dart slugs
  3 leopard geckos
  An orc (D:3)
  5 bats
  8 giant cockroaches
  7 goblins
  10 hobgoblins
  12 jackals
  9 kobolds
  2 ball pythons
  3 frilled lizards
  5 rats
82 creatures vanquished.

Notes
Turn   | Place    | Note
-------+----------+-------------------------------------------
     0 | D:1      | nikopol the Minotaur Berserker began the quest for the Orb.
     0 | D:1      | Reached XP level 1. HP: 19/19 MP: 0/0
    96 | D:1      | Reached skill level 4 in Axes
    96 | D:1      | Reached XP level 2. HP: 18/27 MP: 1/1
   575 | D:1      | Reached ** piety under Trog
   575 | D:1      | Reached XP level 3. HP: 33/33 MP: 2/2
  1089 | D:2      | Noticed an ogre
  1097 | D:2      | Killed an ogre
  1097 | D:2      | Reached skill level 5 in Axes
  1097 | D:2      | Reached XP level 4. HP: 38/41 MP: 3/3
  1097 | D:2      | Reached XP level 5. HP: 43/47 MP: 4/4
  1452 | D:2      | Reached skill level 6 in Axes
  1562 | D:2      | Reached *** piety under Trog
  2103 | D:3      | Reached XP level 6. HP: 38/55 MP: 5/5
  2140 | D:3      | Found a deep blue altar of Sif Muna.
  2715 | D:4      | Noticed Sigmund
  2722 | D:4      | Killed Sigmund
  2722 | D:4      | Reached skill level 5 in Fighting
  2722 | D:4      | Reached skill level 7 in Axes
  2830 | D:4      | Demolished by an ogre

Levels and vault maps discovered:
D:1:      onia_arrival_mini_spirals, layout_basic, minmay_bisected
D:2:      layout_basic, first_ration
D:3:      layout_rooms, led_sif_book
D:4:      layout_loops_corners, uniq_sigmund

Skill      XL: |  1  2  3  4  5  6 |
---------------+-------------------+-----
Axes           | 4 5 6 7 |  7.5
Fighting       | 4 5 |  5.1
Dodging        | 3 4 |  4.0
Armour         | |  2.9
Stealth        | |  0.6

Action                   |  1- 3 |  4- 6 || total
-------------------------+-------+-------++-------
Melee: Hand axe          |    63 |    90 ||   153
       Headbutt          |    12 |    18 ||    30
Invok: Berserk           |     1 |     1 ||     2
 Stab: Sleeping          |       |     1 ||     1
  Eat: Chunk             |     1 |     5 ||     6
       Ration            |       |     1 ||     1
Armor: Animal skin       |     7 |    13 ||    20
Dodge: Dodged            |    44 |    55 ||    99

Table legend:
 A = Non-vault XP
 B = Vault XP
 C = Vault XP percentage of total XP
 D = Non-vault monster count
 E = Vault monster count
 F = Vault count percentage of total count
                 A         B        C        D         E       F
            +---------+---------+-------+---------+---------+-------
      Total |     473 |     233 |  33.0 |      78 |       4 |   4.9
            +---------+---------+-------+---------+---------+-------
        D:1 |      52 |       6 |  10.3 |      25 |       3 |  10.7
        D:2 |     258 |       0 |   0.0 |      33 |       0 |   0.0
        D:3 |     163 |       0 |   0.0 |      20 |       0 |   0.0
        D:4 |       0 |     227 | 100.0 |       0 |       1 | 100.0
            +---------+---------+-------+---------+---------+-------
